Unix NetHack Version 5.0.0-0 post-release - last build Jun 10 2026 00:39:30 (3ee93aec679c4c4259841fe613dc97188e26a321,branch:main).

Game began 2026-06-29 01:14:57, ended 2026-06-29 01:34:28.

Brudee, chaotic female human Rogue

                                     ---|--
                  ------------        ....|
                 #-..........|       |....|
                  |..........|      #.....|
                  |..........|    ###-|--+-
                  |..........|    #   #
                  |..........+#####   #
                  ------------        ####
                                         #
                                         #
                                         #####
                                       -|----.--               ---.----
                                       |`>.....|               -.u@...|
                                       |.......|#              |.rf...|
                                       |......`+###############..{....|
                                       -----.---               --------
                                            #

Brudee the Rogue        St:13 Dx:15 Co:13 In:9 Wi:13 Ch:12  Chaotic S:1749
Dlvl:7  $:41 HP:0(44) Pw:33(33) AC:6  Xp:6/347 T:2405 

Latest messages:
 What do you want to use or apply? [efhkqDENP or ?*] ?
 In what direction? h
 Lock it? [ynq] (q) y
 You succeed in locking the door.
 You hit the paper golem.
 The paper golem misses!
 You hit the paper golem.
 The paper golem hits!
 You hit the paper golem.
 The paper golem hits!
 You hit the paper golem.
 The paper golem hits!
 You hit the paper golem.
 The paper golem hits!
 You hit the paper golem.
 The paper golem hits!
 You hit the paper golem.
 The paper golem hits!
 You destroy the paper golem!
 S - an unlabeled scroll.
 The rabid rat misses!
 Pumpkin bites!
 The rabid rat bites!
 Pumpkin just misses!
 What do you want to eat? [jzQ or ?*] ?
 What do you want to eat? [jzQ or ?*] <space>
 Never mind.
 What do you want to throw? [$HR or ?*] j
 In what direction? h
 Pumpkin seems more amiable.
 The corpse misses Pumpkin.
 The rabid rat bites!
 You hit the rabid rat.
 The rabid rat bites!
 What do you want to eat? [zQ or ?*] ?
 What do you want to eat? [zQ or ?*] <space>
 Never mind.
 What do you want to throw? [$HR or ?*] Q
 In what direction? h
 The pony seems more amiable.
 Your pony devours a banana.
 The rabid rat bites!
 You hit the rabid rat.
 The rabid rat bites!
 Your pony eats a lichen corpse.
 You hit the rabid rat.
 The rabid rat bites!
 You die...
 Do you want your possessions identified? [ynq] (y) y
 Do you want to see your attributes? [ynq] (y) q

Inventory:
 Coins    ('$')
  $ - 41 gold pieces
 Weapons  (')')
  H - 10 +0 elven arrows
  R - a +0 orcish dagger
  B - the +0 Sting (weapon in right hand)
 Armor    ('[')
  p - a blessed +0 orcish helm (being worn)
  c - a blessed +1 leather armor (being worn)
 Comestibles  ('%')
  z - an uncursed fortune cookie
 Scrolls  ('?')
  S - a cursed scroll of blank paper
  O - an uncursed scroll of confuse monster
  L - an uncursed scroll of identify
  v - 2 uncursed scrolls of light
  x - an uncursed scroll of teleportation
 Spellbooks  ('+')
  P - an uncursed spellbook of blank paper
  h - a blessed spellbook of force bolt
  D - an uncursed spellbook of healing
 Potions  ('!')
  C - an uncursed potion of acid
  I - an uncursed potion of fruit juice
  w - an uncursed potion of paralysis
  d - an uncursed potion of sickness
  n - a cursed potion of sleeping
  A - 2 uncursed potions of speed
  r - an uncursed potion of water
  s - an uncursed potion of water
 Rings    ('=')
  g - an uncursed ring of sustain ability
 Wands    ('/')
  E - a wand of digging (0:3)
 Tools    ('(')
  N - an empty uncursed oilskin sack
  f - an empty uncursed sack
  k - an uncursed leash
  e - an uncursed lock pick
  q - a cursed oil lamp
 Gems/Stones  ('*')
  t - an uncursed fluorite stone
  M - an uncursed worthless piece of violet glass
  F - 2 uncursed worthless pieces of yellowish brown glass

Brudee the Rogue's attributes:

Background:
 You were a Rogue, level 6 female human.
 You were chaotic, on a mission for Kos
 who was opposed by Issek (lawful) and Mog (neutral).
 You were right-handed.
 You were in the Dungeons of Doom, on level 7.
 You entered the dungeon 2405 turns ago.
 It was nighttime.
 There was a full moon in effect when your adventure ended.
 You had 347 experience points, 293 more were needed to attain level 7.
 Your score was 1749 before end-of-game adjustments.

Basics:
 You had 0 out of 44 hit points.
 You had all 33 energy points (spell power).
 Your armor class was 6.
 Your wallet contained 41 zorkmids.
 Autopickup was on for '$!=+?/"' plus thrown.

Final Characteristics:
 Your strength was 13 (limit:18/100).
 Your dexterity was 15 (limit:18).
 Your constitution was 13 (limit:18).
 Your intelligence was 9 (limit:18).
 Your wisdom was 13 (limit:18).
 Your charisma was 12 (limit:18).

Final Status:
 You weren't hungry.
 You were unencumbered.
 You were wielding a dagger.
 You were skilled in dagger.

Final Attributes:
 You were piously aligned.
 You were aware of the presence of orcs.
 You were stealthy.
 You were warded.
 You were lucky.
 You are dead.

Miscellaneous:
 You encountered 1 bones level.
 Total elapsed playing time was 19 minutes and 30 seconds.

Major events:
 Turn
    1: Brudee the chaotic female human Rogue entered the dungeon
  672: became literate by naming Sting
  739: attained the rank of Cutpurse (level 3)
 1734: attained the rank of Rogue (level 6)
 2405: killed by a rabid rat

You didn't know any spells.

Skills:
 Fighting Skills
   bare handed combat [Unskilled]
   two weapon combat  [Unskilled]
   riding             [Unskilled]
 Weapon Skills
   dagger             [Skilled]
   knife              [Unskilled]
   short sword        [Basic]
   broadsword         [Unskilled]
   long sword         [Unskilled]
   two-handed sword   [Unskilled]
   saber              [Unskilled]
   club               [Unskilled]
   mace               [Unskilled]
   morning star       [Unskilled]
   flail              [Unskilled]
   hammer             [Unskilled]
   polearms           [Unskilled]
   spear              [Unskilled]
   crossbow           [Unskilled]
   dart               [Unskilled]
   shuriken           [Unskilled]
 Spellcasting Skills
   divination spells  [Unskilled]
   escape spells      [Unskilled]
   matter spells      [Unskilled]

Voluntary challenges:
 Character rerolling was not enabled.
 You never genocided any monsters.
 You never polymorphed an object.
 You never changed form.
 You used no wishes.
Achievements:
 You entered a shop.
 You attained the rank of Cutpurse.
 You attained the rank of Rogue.

 The Dungeons of Doom: levels 1 to 7
    Level 1:
       Some fountains.
    Level 2:
       A potion shop.
    Level 3:
       A fountain.
    Level 4:
    Level 5:
       A fountain.
    Level 6:
       A sink.
    Level 7: <- You were here.
       A fountain.
       Final resting place for
          you, killed by a rabid rat,
          snarksnark-Wiz-Hum-Mal-Neu, killed by a giant mimic.


Vanquished creatures:
  9 fog clouds
  2 shriekers
  a gnome leader
  a gnomish wizard
  2 elf zombies
  a straw golem
  a paper golem
  2 rothes
  2 acid blobs
  a hobbit
  a large kobold
  a brown mold
  3 geckos
  5 jackals
  a fox
  3 goblins
  6 grid bugs
  2 lichens
  2 kobold zombies
  4 newts
50 creatures vanquished.

No species were genocided or became extinct.

Game over:
                       ----------
                      /          \
                     /    REST    \
                    /      IN      \
                   /     PEACE      \
                  /                  \
                  |      Brudee      |
                  |      41 Au       |
                  |   killed by a    |
                  |    rabid rat     |
                  |                  |
                  |                  |
                  |       2026       |
                 *|     *  *  *      | *
        _________)/\\_//(\/(/\)/\//\/|_)_______

Goodbye Brudee the Rogue...

You died in The Dungeons of Doom on dungeon level 7 with 1745 points,
and 41 pieces of gold, after 2405 moves.
You were level 6 with a maximum of 44 hit points when you died.

